 Dungeon Crawl Stone Soup version 0.20-a0-382-g289d6af (webtiles) character file.

275 omnomnOMINOUS the Magician (level 6, 0/42 HPs)
             Began as an Octopode Monk on Dec 29, 2016.
             Splashed by a jelly's acid (8 damage)
             ... on level 5 of the Dungeon.
             The game lasted 00:02:11 (1031 turns).

omnomnOMINOUS the Magician (Octopode Monk)          Turns: 1031, Time: 00:02:14

Health: 0/42       AC: -11   Str: 10    XL:     6   Next: 25%
Magic:  14/14      EV: 14    Int: 15    God:
Gold:   72         SH:  0    Dex: 14    Spells: 15/15 levels left

rFire  . . .     SeeInvis .     a - +0 falchion
rCold  . . .     Gourm    .     (no shield)
rNeg   . . .     Faith    .     (helmet restricted)
rPois  .         Spirit   .     (no amulet)
rElec  .         Reflect  .     (no ring)
rCorr  .         Harm     .     (no ring)
MR     .....                    (no ring)
Stlth  +++.......               (no ring)
                                (no ring)
                                (no ring)
                                (no ring)
                                (no ring)

@: corroded
A: almost no armour, stealthy swim, amphibious, 8 rings, constrict 8, camouflage
1, gelatinous body 1
a: no special abilities


You were on level 5 of the Dungeon.
You were not hungry.

You visited 1 branch of the dungeon, and saw 5 of its levels.

You collected 72 gold pieces.

Inventory:

Hand Weapons
 a - a +0 falchion (weapon)
Scrolls
 c - a scroll of remove curse {unknown}
 d - a scroll of identify {unknown}
 e - 2 scrolls of magic mapping {unknown}
 j - a scroll of blinking {unknown}
 k - a scroll of fog {unknown}
 l - a scroll of enchant armour {unknown}
Potions
 h - a potion of brilliance {unknown}
 i - a potion of flight {unknown}
Comestibles
 b - 2 bread rations
 f - 2 chunks of flesh
 g - a meat ration


   Skills:
 - Level 3.0 Fighting
 - Level 3.0 Long Blades
 - Level 3.0 Dodging
 - Level 2.6 Stealth
 + Level 5.4 Spellcasting


You had 15 spell levels left.
You didn't know any spells.

Dungeon Overview and Level Annotations

Branches:
Dungeon (5/15)
 Temple: D:4-7

Altars:
Zin

Shops:
D:5 *


Innate Abilities, Weirdness & Mutations

You cannot wear most types of armour.
You are very stealthy in the water. (Stealth+)
You are amphibious.
You can wear up to eight rings at the same time.
You can use your tentacles to constrict eight enemies at once.
Your skin changes colour to match your surroundings (Stealth+).
Your rubbery body absorbs attacks. (AC +1, EV +1)


Message History

The jelly is severely wounded.
The jelly closely misses you.
You hit the jelly but do no damage.
Your tentacles burn!
The jelly is severely wounded.
The jelly closely misses you.
You hit the jelly but do no damage.
Your tentacles burn!
The jelly is severely wounded.
The jelly closely misses you.
You hit the jelly but do no damage.
Your tentacles burn!
The jelly is severely wounded.
The jelly hits you. The acid corrodes you!
You are splashed with acid!
The acid burns!
* * * LOW HITPOINT WARNING * * *
You hit the jelly but do no damage.
Your tentacles burn!
* * * LOW HITPOINT WARNING * * *
The jelly is severely wounded.
The jelly hits you.
* * * LOW HITPOINT WARNING * * *
You are splashed with acid!
The acid burns!
You die...

##### ##...## #. ###.....##
#.#.#...[...# #.#.#...J...#
#.#.#...@...# ...##.....##
########...##...##
##........#.###'#######+##
#..###..#.................
#.##⌠##.##................
#..#_#..##.#..............
###.....###.####+#######+##
............#


You could see a jelly.

Vanquished Creatures
  Sigmund (D:2)
  A scorpion (D:4)
  Jessica (D:3)
  2 adders
  2 worms
  A dart slug (D:3)
  3 leopard geckos
  A ball python (D:2)
  A giant cockroach (D:1)
  A goblin (D:1)
  2 jackals (D:2)
  A quokka (D:3)
  2 bats
  3 frilled lizards (D:1)
  A kobold (D:2)
23 creatures vanquished.

Notes
Turn   | Place    | Note
-------+----------+-------------------------------------------
     0 | D:1      | omnomnOMINOUS the Octopode Monk began the quest for the Orb.
     0 | D:1      | Reached XP level 1. HP: 16/16 MP: 1/1
   106 | D:1      | Reached skill level 1 in Spellcasting
   169 | D:2      | Noticed Sigmund
   179 | D:1      | Reached XP level 2. HP: 17/21 MP: 2/4
   274 | D:2      | Killed Sigmund
   274 | D:2      | Reached skill level 4 in Spellcasting
   274 | D:2      | Reached XP level 3. HP: 8/26 MP: 5/9
   274 | D:2      | Reached XP level 4. HP: 10/31 MP: 5/10
   274 | D:2      | Reached XP level 5. HP: 11/36 MP: 5/11
   559 | D:3      | Noticed Jessica
   566 | D:3      | Killed Jessica
   635 | D:3      | Reached skill level 5 in Spellcasting
   674 | D:4      | Reached XP level 6. HP: 15/42 MP: 14/14
   999 | D:5      | Entered Level 5 of the Dungeon
   999 | D:5      | Found Zin's Purification Station.
   999 | D:5      | Found a glowing silver altar of Zin.
  1031 | D:5      | Splashed by a jelly's acid

Vault maps used:
D:1:      erik_arrival_cave_to_civilisation
D:2:      minmay_tetromino_l2, uniq_sigmund
D:3:      uniq_jessica
D:4:      serial_shops, nicolae_shop_statue_plus
D:5:      kennysheep_six_static_rooms, zin_purify, first_bread, serial_shops,
          shop_coins, uniq_edmund

Skill      XL: |  1  2  3  4  5 |
---------------+----------------+-----
Spellcasting   | 1 4 5 |  5.4
Fighting       | |  3.0
Long Blades    | |  3.0
Dodging        | |  3.0
Stealth        | |  2.6

Action                   |  1- 3 |  4- 6 || total
-------------------------+-------+-------++-------
Melee: Falchion          |    23 |    43 ||    66
       Tentacles         |     4 |    13 ||    17
       Constrict         |     3 |    10 ||    13
 Stab: Sleeping          |     4 |     7 ||    11
Armor: Skin              |     1 |     2 ||     3
Dodge: Dodged            |    14 |    26 ||    40
       Rpst.: Falchion   |     2 |     8 ||    10
